 Dungeon Crawl Stone Soup version 0.31-a0-1278-g11c5b68f87 (webtiles) character file.

Game seed: 8697506867184001360

23538 Ekaitz the Geomancer (level 12, -25/62 HPs)
             Began as a Deep Elf Earth Elementalist on Dec 18, 2023.
             Was a High Priest of Sif Muna.
             Shot with a bolt by a yaktaur (30 damage)
             ... on level 13 of the Dungeon.
             The game lasted 00:50:41 (14400 turns).

Ekaitz the Geomancer (Deep Elf Earth Elementalist) Turns: 14400, Time: 00:50:42

Health: -25/62     AC: 10    Str:  5    XL:     12   Next: 72%
Magic:  15/38      EV: 17    Int: 30    God:    Sif Muna [*****.]
Gold:   1150       SH:  0    Dex: 17    Spells: 14/34 levels left

rFire   . . .        a - +1 rapier (venom)
rCold   . . .        (no shield)
rNeg    . . .        N - +2 robe
rPois   .            t - +0 helmet
rElec   .            o - +0 cloak
rCorr   .            Q - +2 pair of gloves
SInv    .            x - +0 pair of boots
Will    +....        G - amulet of magic regeneration
Stlth   ++++         C - +6 ring of intelligence
HPRegen 0.30/turn    X - ring of magical power
MPRegen 0.66/turn

%: no passive effects
@: very slightly contaminated
A: no striking features
a: Renounce Religion, Channel Magic, Forget Spell, Divine Exegesis


You were on level 13 of the Dungeon.
You worshipped Sif Muna.
Sif Muna was extremely pleased with you.
You visited 2 branches of the dungeon, and saw 14 of its levels.
You also visited: Sewer and Bailey.

You collected 1560 gold pieces.
You spent 410 gold pieces at shops.

Inventory:

Hand Weapons
 a - a +1 rapier of venom (weapon)
 q - a +1 scimitar of flaming
 s - a +1 dagger of electrocution
 P - a +1 arbalest of electrocution
 R - a +2 dagger of holy wrath
Missiles
 S - 2 throwing nets
Armour
 o - a +0 cloak (worn)
 t - a +0 helmet (worn)
 x - a +0 pair of boots (worn)
 D - a +2 leather armour of fire resistance
 E - the +2 helmet of Abstinence {rElec rPois rC+++ Str-2 Int-3}
   (You found it on level 11 of the Dungeon)

   Str-2:     It affects your strength (-2).
   Int-3:     It affects your intelligence (-3).
   rC+++:     It renders you almost immune to cold.
   rElec:     It insulates you from electricity.
   rPois:     It protects you from poison
 N - a +2 robe (worn)
 Q - a +2 pair of gloves (worn)
 T - an orb of light
Magical Staves
 y - a staff of death
Jewellery
 d - a ring of fire
 C - a +6 ring of intelligence (left hand)
 G - an amulet of magic regeneration (around neck)
 K - a +5 ring of evasion
 U - a ring of poison resistance
 X - a ring of magical power (right hand)
 Y - a ring of positive energy
Wands
 c - a wand of roots (7)
 w - a wand of flame (13)
 J - a wand of acid (7)
 V - a wand of mindburst (8)
Scrolls
 f - 5 scrolls of blinking
 i - 3 scrolls of vulnerability {unknown}
 l - 3 scrolls of fog {unknown}
 m - 3 scrolls of enchant armour {unknown}
 p - 6 scrolls of immolation {unknown}
 r - 9 scrolls of identify
 u - 5 scrolls of teleportation {unknown}
 v - 5 scrolls of revelation {unknown}
 A - 4 scrolls of fear {unknown}
 I - 2 scrolls of acquirement
 M - a scroll of silence
 Z - a scroll of enchant weapon
Potions
 e - 5 potions of curing {unknown}
 g - 6 potions of might {unknown}
 h - 2 potions of invisibility {unknown}
 j - a potion of cancellation
 k - 4 potions of heal wounds {unknown}
 n - a potion of resistance
 z - 3 potions of haste {unknown}
 F - a potion of brilliance
 L - a potion of magic
 O - 2 potions of mutation
 W - 2 potions of berserk rage {unknown}
Miscellaneous
 B - a lightning rod (4/4)


   Skills:
 + Level 1.7 Fighting
 + Level 4.3 Short Blades
 * Level 9.2 Dodging
 + Level 8.7 Stealth
 + Level 11.6 Spellcasting
 * Level 10.5 Conjurations
 + Level 3.6 Transmutations
 * Level 13.0 Earth Magic
 * Level 6.9 Invocations


You had 14 spell levels left.
You knew the following spells:

 Your Spells              Type           Power      Damage    Failure   Level
a - Sandblast             Erth           100%       2d20      0%          1
b - Passwall              Tmut/Erth      50%        N/A       1%          2
c - Stone Arrow           Conj/Erth      100%       3d13      1%          3
d - Petrify               Tmut/Erth      61%        N/A       1%          4
e - Brom's Barrelling Bo  Conj/Erth      73%        2d9       1%          4
f - Bombard               Conj/Erth      36%        9d6       3%          6

Your spell library contained the following spells:

 Spells                   Type           Power      Damage    Failure   Level
 Momentum Strike          Conj/Tloc      98%        3d10      1%          2
 Call Canine Familiar     Summ           17%        N/A       9%          3
 Ozocubu's Armour         Ice            17%        N/A       9%          3
 Sigil of Binding         Hex            17%        N/A       9%          3
 Freezing Cloud           Conj/Ice/Air   19%        6-21      19%         5
 Dimensional Bullseye     Hex/Tloc       8%         N/A       30%         4
 Yara's Violent Unravell  Hex/Tmut       14%        3d7       36%         5
 Ozocubu's Refrigeration  Ice            8%         4d9       100%        7


Dungeon Overview and Level Annotations

Branches:
Dungeon (13/15)            Temple (1/1) D:6            Lair (0/5) D:10
    Orc (0/2) D:9          Vaults (0/5) D:13          Sewer (visited)
 Bailey (visited)

Altars:
Ashenzari
Cheibriados
Dithmenos
Elyvilon
Fedhas
Gozag
Hepliaklqana
Kikubaaqudgha
Makhleb
Nemelex Xobeh
Okawaru
Qazlal
Ru
Sif Muna
Trog
Uskayaw
Vehumet
Wu Jian
Xom
Yredelemnul
Zin
The Shining One

Shops:
D:4 (   D:11 (*(


Message History

The yaktaur wields a +0 arbalest.
The yaktaur shoots a bolt.
The bolt hits you!!
Your Earth Magic skill increases to level 13!
Unknown command.
Casting: Bombard (dangerous; 3% risk of failure)
Confirm with . or Enter, or press ? or * to list all spells.
Okay, then.
The vault guard hits you with a +0 broad axe.
Casting: Bombard (dangerous; 3% risk of failure)
Confirm with . or Enter, or press ? or * to list all spells.
Aiming: Bombard (dangerous; 3% risk of failure)
Press: ? - help, Shift-Dir - straight line, f/p - yaktaur
Aim: a yaktaur, wielding a +0 arbalest (94% to hit)
The iron shot hits the vault guard!!
The vault guard is moderately wounded.
The blast sends you backwards.
Unknown command.
Casting: Bombard (dangerous; 3% risk of failure)
Confirm with . or Enter, or press ? or * to list all spells.
Aiming: Bombard (dangerous; 3% risk of failure)
Press: ? - help, Shift-Dir - straight line, f/p - yaktaur
Aim: a yaktaur, wielding a +0 arbalest (94% to hit)
You miscast Bombard.
You are very lightly contaminated with residual magic.
Nothing appears to happen.
The human misses you.
The vault guard hits you with a +0 broad axe.
The human attacks as it pursues you! The human hits you.
The vault guard attacks as it pursues you!
The vault guard hits you with a +0 broad axe!!
* * * LOW HITPOINT WARNING * * *
Unknown command.
As you read the scroll of summoning, it crumbles to dust.
Wisps of shadow whirl around you...
The vault guard hits you with a +0 broad axe!
* * * LOW HITPOINT WARNING * * *
The vault guard hits your deep elf pyromancer with a +0 broad axe!!
The human closely misses you.
Unknown command.
You swap places.
The yaktaur shoots a bolt.
The bolt hits you!!
You die...

....####.........# ###..........
....##...##......####.'..........
....#..####...........#..........
....'.## #......######..........
....#######...#.#######..........
....# #.÷........÷..^...........
'#### #.##'''########.##'#######
.# #.#.....#...)(#.##.##### ##
#.#.....'@.)o.#.##...).# ####
#.#).⌠..'.o)e.#.######'### ...#
#.#.)...'cpp..#.##........ ...#
#.#.....#p...o#..'........
...#####.########p''##.##........
...'..##.#}[...#.p†..#.##........
...##.)..#[....'.....#.##........
...#####.#p.∩..'..⌠..#.##........
...# #.#)....'.)...#.##........


You could see 2 vault guards, a yaktaur, 3 humans, a friendly deep elf
pyromancer (summoned), a friendly orc priest (summoned) and 2 friendly orc
wizards.

Vanquished Creatures
  An orc warlord (Bailey)
  Erica (D:8)
  3 centaur warriors (D:13)
  2 boulder beetles
  Urug (D:12)
  An arcanist (D:13)
  3 orc knights (Bailey)
  2 necromancers (D:13)
  2 deep elf pyromancers (D:13)
  A manticore (D:11)
  An unseen horror (D:11)
  Jeremiah (D:7)
  6 trolls
  A hornet (D:9)
  4 slime creatures (D:12)
  3 vampires
  2 wraiths
  13 yaks
  A wyvern (D:9)
  15 humans (D:13)
  A steam dragon (D:8)
  2 vampire mosquitoes (D:10)
  3 water moccasins
  2 acid dragons
  A sky beast (D:8)
  17 orc warriors
  2 ice beasts
  An ogre (D:5)
  15 centaurs
  3 kobold brigands
  4 bullfrogs
  2 gnoll sergeants (D:9)
  4 scorpions
  5 wights (D:7)
  10 killer bees
  4 electric eels (D:10)
  4 crimson imps (D:6)
  5 hounds
  9 orc priests
  3 sleepcaps
  3 jellies
  An iguana (D:4)
  19 orc wizards
  10 gnolls
  10 adders
  A river rat (D:6)
  3 shadow imps
  3 white imps (D:6)
  4 ufetubi
  A worm (D:6)
  4 dart slugs
  51 orcs
  15 ball pythons
  15 endoplasms
  9 giant cockroaches
  12 hobgoblins
  13 jackals
  19 kobolds
  12 quokkas
  4 bats
  11 frilled lizards
  25 goblins
  10 rats
416 creatures vanquished.

Vanquished Creatures (collateral kills)
  A gnoll (D:9)
  22 boulders
23 creatures vanquished.

Vanquished Creatures (others)
  14 boulders
14 creatures vanquished.

Grand Total: 453 creatures vanquished

Notes
Turn   | Place    | Note
-------+----------+-------------------------------------------
     0 | D:1      | Ekaitz the Deep Elf Earth Elementalist began the quest for
                  | the Orb.
     0 | D:1      | Reached XP level 1. HP: 10/10 MP: 6/6
   108 | D:1      | Reached XP level 2. HP: 15/15 MP: 6/8
   111 | D:1      | Learned a level 2 spell: Passwall
   473 | D:1      | Reached skill level 4 in Earth Magic
   659 | D:1      | Reached XP level 3. HP: 19/19 MP: 7/10
   663 | D:1      | Learned a level 3 spell: Stone Arrow
  1187 | D:1      | Found a burning altar of Makhleb.
  1547 | D:2      | Reached XP level 4. HP: 24/24 MP: 7/11
  1552 | D:2      | Learned a level 4 spell: Petrify
  1912 | D:2      | Reached skill level 1 in Conjurations
  2231 | D:3      | Reached skill level 5 in Earth Magic
  3039 | D:3      | Reached XP level 5. HP: 28/28 MP: 9/13
  3430 | D:4      | Found Ruwkuj's Weapon Emporium.
  3562 | D:4      | Found a white marble altar of Elyvilon.
  3597 | D:4      | Reached skill level 1 in Short Blades
  3682 | D:4      | Reached XP level 6. HP: 32/32 MP: 10/14
  3791 | D:4      | Found a sparkling altar of Nemelex Xobeh.
  3927 | D:4      | Found a hide-covered altar of Uskayaw.
  4172 | D:5      | Entered Level 5 of the Dungeon
  4191 | D:5      | Learned a level 4 spell: Brom's Barrelling Boulder
  4262 | D:5      | Reached skill level 5 in Spellcasting
  4262 | D:5      | Reached XP level 7. HP: 36/36 MP: 4/16
  4389 | D:5      | Reached skill level 6 in Earth Magic
  4837 | D:6      | Reached XP level 8. HP: 42/42 MP: 8/18
  4847 | D:6      | Reached skill level 5 in Dodging
  4856 | D:6      | Reached skill level 7 in Earth Magic
  4997 | D:6      | Found a staircase to the Ecumenical Temple.
  5012 | Temple   | Entered the Ecumenical Temple
  5025 | Temple   | Became a worshipper of Sif Muna the Loreminder
  5161 | D:6      | Reached * piety under Sif Muna
  5167 | D:6      | Found a glowing drain.
  5172 | Sewer    | Entered a sewer
  5457 | Sewer    | Reached skill level 5 in Conjurations
  5939 | D:7      | Reached ** piety under Sif Muna
  5940 | D:7      | Reached skill level 8 in Earth Magic
  5944 | D:7      | Reached XP level 9. HP: 46/46 MP: 13/22
  6030 | D:7      | Reached skill level 1 in Invocations
  6255 | D:7      | Noticed Jeremiah
  6264 | D:7      | Killed Jeremiah
  6341 | D:7      | Reached skill level 9 in Earth Magic
  6675 | D:8      | Found an ornate altar of the Wu Jian Council.
  6687 | D:8      | Found a broken altar of Ashenzari.
  6708 | D:8      | Found a shadowy altar of Dithmenos.
  6924 | D:8      | Noticed Erica
  6946 | D:8      | Killed Erica
  6947 | D:8      | Reached skill level 5 in Stealth
  7111 | D:8      | Reached skill level 1 in Fighting
  7261 | D:8      | Reached XP level 10. HP: 52/52 MP: 24/24
  7906 | D:9      | Reached skill level 10 in Earth Magic
  7998 | D:9      | Reached *** piety under Sif Muna
  8040 | D:9      | Found a flagged portal.
  8069 | Bailey   | Entered a bailey
  8223 | Bailey   | Noticed an orc knight
  8306 | Bailey   | Noticed an orc knight
  8314 | Bailey   | Reached **** piety under Sif Muna
  8329 | Bailey   | Killed an orc knight
  8539 | Bailey   | Killed an orc knight
  8540 | Bailey   | Reached XP level 11. HP: 50/56 MP: 6/26
  8613 | Bailey   | Noticed an orc knight
  8613 | Bailey   | Noticed an orc warlord
  8724 | Bailey   | Killed an orc knight
  8849 | Bailey   | Reached skill level 11 in Earth Magic
  8944 | Bailey   | Killed an orc warlord
  9984 | D:9      | Found a staircase to the Orcish Mines.
 10440 | D:10     | Entered Level 10 of the Dungeon
 10455 | D:10     | Reached skill level 5 in Invocations
 10742 | D:10     | Reached ***** piety under Sif Muna
 10938 | D:10     | Found a staircase to the Lair.
 10938 | D:10     | Received a gift from Sif Muna
 10939 | D:10     | Got Sif Muna's Excursus on Amorphous Bruises {god gift}
 10947 | D:10     | Learned a level 6 spell: Bombard
 11610 | D:11     | Found Feothreugo's Antique Weapon Shoppe.
 11649 | D:11     | Identified the +2 helmet of Abstinence {rElec rPois rC+++
                  | Str-2 Int-3}
 11652 | D:11     | Found Anicvi's Assorted Antiques.
 11664 | D:11     | Reached skill level 10 in Spellcasting
 11735 | D:11     | Identified the +1 scale mail "Vaffis" {Harm *Corrode rPois
                  | Int+8}
 11902 | D:11     | Found Dicesoc's Assorted Antiques.
 11910 | D:11     | Bought a pair of glowing gloves for 232 gold pieces
 11910 | D:11     | Bought a bubbling pink potion for 27 gold pieces
 11910 | D:11     | Bought 3 scrolls labelled AMIUVI RIXIYSE for 93 gold pieces
 11910 | D:11     | Bought a scroll labelled XIMISHI PIPU for 31 gold pieces
 11910 | D:11     | Bought a sapphire potion for 27 gold pieces
 12062 | D:11     | Found Tyath's Weapon Shop.
 12592 | D:12     | Noticed Urug
 12609 | D:12     | Killed Urug
 12610 | D:12     | Reached skill level 12 in Earth Magic
 12678 | D:12     | Noticed a boulder beetle
 12689 | D:12     | Killed a boulder beetle
 13131 | D:12     | Reached XP level 12. HP: 37/61 MP: 28/28
 13649 | D:13     | Noticed a centaur warrior
 13657 | D:13     | Killed a centaur warrior
 13816 | D:13     | Noticed a boulder beetle
 13826 | D:13     | Killed a boulder beetle
 14007 | D:13     | Reached skill level 10 in Conjurations
 14068 | D:13     | Noticed a centaur warrior
 14073 | D:13     | Killed a centaur warrior
 14108 | D:13     | Noticed a centaur warrior
 14125 | D:13     | Killed a centaur warrior
 14387 | D:13     | Found a gate to the Vaults.
 14387 | D:13     | Noticed a vault guard
 14387 | D:13     | Noticed a vault guard
 14395 | D:13     | Reached skill level 13 in Earth Magic
 14400 | D:13     | Shot with a bolt by a yaktaur

Illustrated notes

Levels and vault maps discovered:
D:1:      dpeg_arrival_lava_altar, layout_basic, chequers_serial_rivers_micro_d
D:2:      layout_loops_cross, minmay_quantized
D:3:      kennysheep_six_static_rooms, layout_loops_ring,
          amcnicky_mini_corridor_feature
D:4:      layout_rooms, mainiacjoe_overflow_paths, elyvilon_altar_1,
          marbit_many_paths, serial_shops, nicolae_shop_bloodbath_and_beyond,
          minmay_gold_behind_fungi, minmay_between
D:5:      layout_rooms, minmay_crystal_water, minmay_misc_feat_iff
D:6:      layout_cave_pools, minmay_temple_entry_stoned_glass,
          portal_sewer_entry_e, roderic_serpentine_path, minmay_nine_imps
D:7:      layout_loops_ring, kennysheep_generic_room_4, uniq_jeremiah
D:8:      layout_loops_corners, mainiacjoe_overflow_large_starburst,
          mainiacjoe_overflow_tiny_flanked, minivault_14, uniq_erica
D:9:      lemuel_troll_bridge, layout_layer_cave, enter_bailey_3
D:10:     layout_basic, serial_bayou_pond_d
D:11:     layout_basic, serial_shops, shop, nicolae_shop_hallway_stairs,
          nicolae_shop_overgrown_old_shop, nicolae_square_shop,
          minmay_crystal_room, kennysheep_opposing_triangles
D:12:     layout_grid_maze, lemuel_flamethrower_3, uniq_urug
D:13:     layout_roguey, grunt_vaults_entry_tiered, enter_trove_3,
          hangedman_batty
Temple:   nicolae_temple_elliptical

Skill      XL: |  1  2  3  4  5  6  7  8  9 10 11 12 |
---------------+-------------------------------------+-----
Earth Magic    | 4 5 6 8 9 10 12 13 | 13.0
Conjurations   | 1 2 3 5 6 8 9 10 | 10.5
Spellcasting   | 4 5 7 8 9 10 11 | 11.6
Dodging        | 3 4 5 6 7 8 9 |  9.2
Stealth        | 3 4 5 6 7 8 |  8.7
Short Blades   | 1 2 3 4 |  4.3
Transmutations | 2 3 |  3.6
Invocations    | 3 4 6 |  6.9
Fighting       | 1 |  1.7

Action                     |  1- 3 |  4- 6 |  7- 9 | 10-12 || total
---------------------------+-------+-------+-------+-------++-------
  Melee: Long sword        |     2 |       |       |       ||     2
         Dagger            |    12 |    37 |   107 |   129 ||   285
         Punch             |       |       |     2 |       ||     2
         Rapier            |       |       |     1 |    25 ||    26
   Cast: Sandblast         |    37 |    25 |     5 |     2 ||    69
         Passwall          |     9 |    19 |     7 |    17 ||    52
         Stone Arrow       |     2 |    21 |   123 |   224 ||   370
         Brom's Barrelling |       |     1 |     9 |    59 ||    69
         Petrify           |       |       |     4 |    14 ||    18
         Bombard           |       |       |       |    11 ||    11
    Use: Scroll            |       |       |       |    11 ||    11
   Stab: Sleeping          |     8 |    17 |     7 |    23 ||    55
         Petrified         |       |       |     5 |    17 ||    22
         Petrifying        |       |       |       |     2 ||     2
 Armour: Robe              |     8 |    11 |    56 |   136 ||   211
  Dodge: Dodged            |    11 |    18 |   146 |   175 ||   350

Table legend: (Time is in decaauts)
 A = Elapsed time spent in this place.
 B = Non-inter-level travel time spent in this place.
 C = Inter-level travel time spent in this place.
 D = Time resting spent in this place.
 E = Time spent auto-exploring this place.
 F = Levels seen in this place.
 G = Mean time per level.
                   A        B        C        D        E       F      G
               +--------+--------+--------+--------+--------+-----+--------+
         Total |  14474 |  14132 |    342 |    818 |   9251 |  16 |  904.6 |
       Dungeon |  13071 |  12742 |    329 |    439 |   9034 |  13 | 1005.5 |
        Temple |     26 |     13 |     13 |      0 |      0 |   1 |   26.0 |
         Sewer |    407 |    407 |      0 |     53 |     79 |   1 |  407.0 |
        Bailey |    969 |    969 |      0 |    326 |    138 |   1 |  969.0 |
               +--------+--------+--------+--------+--------+-----+--------+

Top non-repeatable levels by time:
     D:9: 1649 daAuts
    D:12: 1312 daAuts
     D:1: 1244 daAuts
     D:3: 1230 daAuts
     D:8: 1190 daAuts
    D:10: 1127 daAuts
  Bailey: 969 daAuts
     D:2: 956 daAuts
     D:4: 793 daAuts
     D:6: 792 daAuts
    D:13: 786 daAuts
    D:11: 737 daAuts
     D:7: 733 daAuts
     D:5: 518 daAuts
   Sewer: 407 daAuts
